 Dungeon Crawl Stone Soup version 0.25.0-9-g26727b657a (webtiles) character file.

Game seed: 13543613028828453666

228 Jakers the Tainter (level 6, -1/73 HPs)
             Began as a Naga Venom Mage on June 18, 2020.
             Was a Follower of Vehumet.
             Slain by a hound (4 damage)
             ... on level 4 of the Dungeon.
             The game lasted 00:08:10 (4189 turns).

Jakers the Tainter (Naga Venom Mage)                Turns: 4189, Time: 00:08:10

Health: -1/73      AC: 23    Str: 10    XL:     6   Next: 2%
Magic:  0/9        EV:  1    Int: 17    God:    Vehumet [*.....]
Gold:   213        SH:  0    Dex: 12    Spells: 3/9 levels left

rFire    + . .     SeeInvis +   x - +0 long sword
rCold    + . .     Gourm    .   (no shield)
rNeg     + + +     Faith    .   (armour currently unavailable)
rPois    +         Spirit   .   (helmet currently unavailable)
rElec    +         Reflect  .   (cloak currently unavailable)
rCorr    +         Harm     .   (gloves currently unavailable)
MR       .....     NoTele   +   (no barding)
Stlth    ++........             (no amulet)
HPRegen  0.22/turn              (no ring)
MPRegen  0.11/turn              (no ring)

@: tree-form, resistant, very slightly contaminated, invisible
A: large, see invisible, slow metabolism 1, spit poison 1, AC +2
a: Spit Poison, Renounce Religion


You were on level 4 of the Dungeon.
You worshipped Vehumet.
Vehumet was aware of your devotion.
You were hungry.
You were a tree.
You visited 1 branch of the dungeon, and saw 4 of its levels.

You collected 213 gold pieces.

Inventory:

Hand Weapons
 g - a +0 short sword
 n - a +0 war axe
 x - a +0 long sword (weapon)
Missiles
 h - 7 boomerangs (quivered)
 r - 7 poisoned darts
 s - 68 stones
Armour
 a - a +1 robe (melded)
 o - a +0 leather armour
 q - a +0 helmet (melded)
Wands
 j - a wand of random effects (20)
 u - a wand of acid (6)
Scrolls
 b - 2 scrolls of enchant armour
 e - 2 scrolls of identify
 w - a scroll of blinking
Potions
 f - a potion of invisibility
 l - a potion of degeneration {unknown}
 m - a potion of ambrosia {unknown}
 p - a potion of cancellation {unknown}
 t - a potion of heal wounds {unknown}
 v - a potion of brilliance {unknown}
Comestibles
 c - 10 rations
 z - 2 chunks of flesh


   Skills:
 - Level 1.5 Dodging
 - Level 3.0 Stealth
 - Level 2.0 Spellcasting
 - Level 1.0 Transmutations
 + Level 8.6 Poison Magic


You had 3 spell levels left.
You knew the following spells:

 Your Spells              Type           Power        Failure   Level  Hunger
a - Sting                 Tmut/Pois      ###.         2%          1    #......
b - Poisonous Vapours     Pois/Air       ###...       4%          2    ###....
c - Ignite Poison         Fire/Tmut/Pois ##......     16%         3    ###....

Your spell library contained the following spells:

 Spells                   Type           Power        Failure   Level  Hunger
 Sandblast                Erth           #.....       19%         1    #......
 Mephitic Cloud           Conj/Pois/Air  ##......     19%         3    ###....
 Olgreb's Toxic Radiance  Pois           ####....     5%          4    #####..


Dungeon Overview and Level Annotations

Branches:
Dungeon (4/15)
 Temple: D:4-7

Altars:
Elyvilon
Hepliaklqana
Vehumet


Innate Abilities, Weirdness & Mutations

You cannot wear boots.
((Your serpentine skin is tough. (AC +2)))
You have supernaturally acute eyesight. (SInv)
((Armour fits poorly on your strangely shaped body.))
((Your system is resistant to poisons. (rPois)))
((You cover ground very slowly.))
You have a slow metabolism.
You can spit poison.


Message History

* * * LOW HITPOINT WARNING * * *
The hound bites you but does no damage.
You are very lightly contaminated with residual magic.
It was a potion of lignification.
You turn into a tree.
Your +0 helmet melds into your body.
Your +1 robe melds into your body.
Your roots penetrate the ground.
The hound bites you but does no damage. x4
Unknown command.
You closely miss the hound.
The hound is severely wounded.
The hound bites you but does no damage. x2; The hound bites you.
* * * LOW HITPOINT WARNING * * *
The hound bites you.
* * * LOW HITPOINT WARNING * * *
It was a potion of resistance.
You feel protected.
You have got your breath back.
The hound bites you but does no damage. x3
It was a potion of flight.
Your roots keep you in place.
The hound bites you but does no damage. The hound bites you.
You die...

.............#..#
......#..........
.......#..........
.......<..........
.........#<.......
.... #...#÷.......
.....#.)).........
........).†.......
.......♣h.....#...
......h##.....# ..
..).%.. ##....# .
....... #.....#
..#.... #.....#
....... ....##
....... .....
.......


You could see 2 hounds.

Vanquished Creatures
  A howler monkey (D:4)
  A hound (D:4)
  5 adders
  3 gnolls (D:3)
  An ooze (D:3)
  2 worms (D:2)
  A dart slug (D:1)
  3 leopard geckos
  4 orcs (D:4)
  2 ball pythons
  2 giant cockroaches (D:3)
  2 goblins (D:1)
  6 hobgoblins
  4 jackals (D:2)
  4 quokkas
  7 bats
  7 frilled lizards
  8 kobolds
  7 rats
70 creatures vanquished.

Notes
Turn   | Place    | Note
-------+----------+-------------------------------------------
     0 | D:1      | Jakers the Naga Venom Mage began the quest for the Orb.
     0 | D:1      | Reached XP level 1. HP: 15/15 MP: 3/3
   119 | D:1      | Reached XP level 2. HP: 18/22 MP: 0/5
   514 | D:1      | Reached skill level 5 in Poison Magic
   518 | D:1      | Learned a level 2 spell: Poisonous Vapours
  1106 | D:1      | Reached XP level 3. HP: 28/28 MP: 1/6
  1353 | D:2      | Learned a level 3 spell: Ignite Poison
  1545 | D:2      | Reached skill level 6 in Poison Magic
  1794 | D:2      | Reached XP level 4. HP: 15/36 MP: 0/7
  2290 | D:2      | Found a faded altar of an unknown god.
  2906 | D:3      | Found a radiant altar of Vehumet.
  2906 | D:3      | Found a white marble altar of Elyvilon.
  2914 | D:3      | Found a faded altar of an unknown god.
  2917 | D:3      | Became a worshipper of Vehumet
  2932 | D:3      | Found a faded altar of an unknown god.
  2933 | D:3      | Found a hazy altar of Hepliaklqana.
  3064 | D:3      | Reached skill level 7 in Poison Magic
  3394 | D:3      | Reached XP level 5. HP: 33/42 MP: 2/8
  4092 | D:4      | Reached skill level 8 in Poison Magic
  4171 | D:4      | Reached * piety under Vehumet
  4171 | D:4      | Offered knowledge of Sandblast by Vehumet.
  4171 | D:4      | Reached XP level 6. HP: 24/49 MP: 1/9
  4187 | D:4      | HP: 3/73 [hound (4)]
  4189 | D:4      | Slain by a hound

Illustrated notes

Levels and vault maps discovered:
D:1:      erik_arrival_blinker_ship, layout_basic, st_stairs_9
D:2:      layout_basic, chequers_ecumenical_altar_grove, minmay_heptomino_l4
D:3:      minmay_chambers_of_twos, layout_basic,
          chequers_temple_overflow_minitemple, minivault_5
D:4:      minmay_opposing_rooms, layout_cave_pools, dancing_weapons_uskayaw,
          first_ration, serial_shops, shop, abandoned_shop, uniq_ijyb

Skill      XL: |  1  2  3  4  5 |
---------------+----------------+-----
Poison Magic   | 5 6 7 8 |  8.6
Dodging        | |  1.5
Stealth        | |  3.0
Spellcasting   | |  2.0
Transmutations | |  1.0

Action                   |  1- 3 |  4- 6 || total
-------------------------+-------+-------++-------
Melee: Unarmed           |     4 |       ||     4
       Short sword       |    28 |     4 ||    32
       War axe           |       |    15 ||    15
       Long sword        |       |    12 ||    12
Throw: Boomerang         |     3 |    13 ||    16
 Cast: Sting             |    18 |    10 ||    28
       Poisonous Vapours |    17 |    32 ||    49
       Ignite Poison     |       |     1 ||     1
 Abil: Spit Poison       |    18 |     9 ||    27
  Use: Scroll            |       |     5 ||     5
       Potion            |       |     5 ||     5
 Stab: Sleeping          |     1 |     1 ||     2
  Eat: Chunk             |     4 |     9 ||    13
Armor: Robe              |     7 |    24 ||    31
       Skin              |       |    10 ||    10
Dodge: Dodged            |    28 |    43 ||    71
       Rpst.: Long sword |       |     4 ||     4
